TOP OF THE 1ST |
Austin River Sharks batting - Pitching for St. Louis Browns : RHP Claudio Martínez
|
Pitching: RHP Claudio Martínez
|
|
Batting: LHB Russell Peck
|
0-0: Ball 1-0: Swinging Strike 1-1: Fly out, F8 (Flyball, 8RM)
|
Batting: RHB Clark Hodge
|
0-0: Ball 1-0: Ball 2-0: Foul Ball, location: 2F 2-1: Ball 3-1: Base on Balls
|
Batting: SHB Juan Castro
|
0-0: Ball 1-0: Ball 2-0: Ball 3-0: Base on Balls Clark Hodge to second
|
Batting: LHB Pedro Zaragoza
|
0-0: Ball Clark Hodge steals 3rd base Juan Castro to second 1-0: Foul Ball, location: 2F 1-1: Ball 2-1: 3-RUN HOME RUN (Flyball, 7LD), Distance : 361 ft
|
Batting: RHB Kenneth Roberts
|
0-0: Ball 1-0: Ball 2-0: Foul Ball, location: 2F 2-1: Ball 3-1: Foul Ball, location: 2F 3-2: Strikes out swinging
|
Batting: LHB Terry Maloney
|
0-0: Ball 1-0: Ball 2-0: Called Strike 2-1: Ground out 6-3 (Groundball, 6)
|
Top of the 1st over - 3 run(s), 1 hit(s), 0 error(s), 0 left on base; Austin 3 - St. Louis 0 |
BOTTOM OF THE 1ST |
St. Louis Browns batting - Pitching for Austin River Sharks : LHP Dave Watkins
|
Pitching: LHP Dave Watkins
|
|
Batting: RHB Carlos Alfaro
|
0-0: Ball 1-0: Called Strike 1-1: Swinging Strike 1-2: Ball 2-2: Foul Ball, location: 2F 2-2: Foul Ball, location: 2F 2-2: Ball 3-2: Strikes out swinging
|
Batting: LHB Mike Hill
|
0-0: Ball 1-0: Ground out 5-3 (Groundball, 56)
|
Batting: RHB Mario Rosales
|
0-0: Called Strike 0-1: Ball 1-1: Foul Ball, location: 2F 1-2: Ball 2-2: SOLO HOME RUN (Flyball, 7D), Distance : 396 ft
|
Batting: RHB R.J. Parker
|
0-0: Ball 1-0: Called Strike 1-1: SINGLE (Line Drive, 34D)
|
Batting: LHB Robin Hill
|
0-0: TRIPLE (Line Drive, 8RM) R.J. Parker scores
|
Pinch Runner at 3rd Pepe Vázquez:
|
|
Batting: RHB Adrian Prouse
|
0-0: Fly out, F8 (Flyball, 8RD)
|
Bottom of the 1st over - 2 run(s), 3 hit(s), 0 error(s), 1 left on base; Austin 3 - St. Louis 2 |
TOP OF THE 2ND |
Austin River Sharks batting - Pitching for St. Louis Browns : RHP Claudio Martínez
|
Now in CF: Pepe Vázquez
|
|
Batting: RHB Carlos Guzmán
|
0-0: Swinging Strike 0-1: Swinging Strike 0-2: Fly out, F6 (Line Drive, 6)
|
Batting: RHB Orlando Bruno
|
0-0: Swinging Strike 0-1: Ball 1-1: Swinging Strike 1-2: Fly out, F7 (Flyball, 78D)
|
Batting: LHB Harry Pitts
|
0-0: Called Strike 0-1: Foul Ball, location: 2F 0-2: Ball 1-2: Ball 2-2: Strikes out swinging
|
Top of the 2nd over - 0 run(s), 0 hit(s), 0 error(s), 0 left on base; Austin 3 - St. Louis 2 |
BOTTOM OF THE 2ND |
St. Louis Browns batting - Pitching for Austin River Sharks : LHP Dave Watkins
|
Batting: SHB Ryobe Yamamoto
|
0-0: Ball 1-0: Ball 2-0: Ball 3-0: Called Strike 3-1: Foul Ball, location: 2F 3-2: Ground out 5-3 (Groundball, 56S)
|
Batting: RHB Anthony Rucker
|
0-0: Called Strike 0-1: Foul Ball, location: 2F 0-2: SINGLE (Groundball, 6MD)
|
Batting: RHB José Flores
|
0-0: Called Strike Anthony Rucker steals 2nd base 0-1: Ball 1-1: Swinging Strike 1-2: Strikes out looking
|
Batting: RHB Carlos Alfaro
|
0-0: Ball 1-0: Fly out, F4 (Popup, 4MD)
|
Bottom of the 2nd over - 0 run(s), 1 hit(s), 0 error(s), 1 left on base; Austin 3 - St. Louis 2 |
TOP OF THE 3RD |
Austin River Sharks batting - Pitching for St. Louis Browns : RHP Claudio Martínez
|
Batting: LHB Russell Peck
|
0-0: Ball 1-0: Swinging Strike 1-1: Ball 2-1: DOUBLE (Flyball, 8LM)
|
Batting: RHB Clark Hodge
|
0-0: Ball 1-0: Called Strike 1-1: Fly out, F7 (Flyball, 7)
|
Batting: SHB Juan Castro
|
0-0: Swinging Strike 0-1: Swinging Strike 0-2: Strikes out swinging
|
Batting: LHB Pedro Zaragoza
|
0-0: Called Strike 0-1: Ball 1-1: Ball 2-1: Ball 3-1: Base on Balls
|
Batting: RHB Kenneth Roberts
|
0-0: Ball 1-0: Foul Ball, location: 2F 1-1: Foul Ball, location: 2F 1-2: Fly out, F8 (Flyball, 8LM)
|
Top of the 3rd over - 0 run(s), 1 hit(s), 0 error(s), 2 left on base; Austin 3 - St. Louis 2 |
BOTTOM OF THE 3RD |
St. Louis Browns batting - Pitching for Austin River Sharks : LHP Dave Watkins
|
Batting: LHB Mike Hill
|
0-0: Ball 1-0: Ball 2-0: Called Strike 2-1: Fly out, F7 (Flyball, 78D)
|
Batting: RHB Mario Rosales
|
0-0: Foul Ball, location: 2F 0-1: Foul Ball, location: 2F 0-2: Foul Ball, location: 2F 0-2: Ground out 6-3 (Groundball, 6)
|
Batting: RHB R.J. Parker
|
0-0: Called Strike 0-1: Swinging Strike 0-2: Ball 1-2: Foul Ball, location: 2F 1-2: Fly out, F3 (Popup, 3S)
|
Bottom of the 3rd over - 0 run(s), 0 hit(s), 0 error(s), 0 left on base; Austin 3 - St. Louis 2 |
TOP OF THE 4TH |
Austin River Sharks batting - Pitching for St. Louis Browns : RHP Claudio Martínez
|
Batting: LHB Terry Maloney
|
0-0: Ball 1-0: Foul Ball, location: 2F 1-1: SINGLE (Flyball, 8LS)
|
Batting: RHB Carlos Guzmán
|
0-0: Foul Ball, location: 2F 0-1: Ball 1-1: Reached on error, E3 (Popup, 3L) Terry Maloney to second
|
Batting: RHB Orlando Bruno
|
0-0: Ball 1-0: Ball 2-0: Fly out, F8 (Flyball, 8LS)
|
Batting: LHB Harry Pitts
|
0-0: Ball 1-0: Ball 2-0: Swinging Strike 2-1: Ball 3-1: Fielders Choice at 2nd, 4-6 (Groundball, 4) Terry Maloney to third
|
Batting: LHB Russell Peck
|
0-0: Called Strike 0-1: Ball 1-1: Ball 2-1: Fly out, F7 (Flyball, 7S)
|
Top of the 4th over - 0 run(s), 1 hit(s), 1 error(s), 2 left on base; Austin 3 - St. Louis 2 |
BOTTOM OF THE 4TH |
St. Louis Browns batting - Pitching for Austin River Sharks : LHP Dave Watkins
|
Batting: LHB Pepe Vázquez
|
0-0: Ball 1-0: Ball 2-0: Foul Ball, location: 2F 2-1: Swinging Strike 2-2: Ground out 4-3 (Groundball, 4)
|
Batting: RHB Adrian Prouse
|
0-0: Swinging Strike 0-1: Ball 1-1: Called Strike 1-2: Foul Ball, location: 2F 1-2: Ball 2-2: Foul Ball, location: 2F 2-2: Ball 3-2: SINGLE (Line Drive, 6D)
|
Batting: SHB Ryobe Yamamoto
|
0-0: Ball 1-0: Called Strike Adrian Prouse steals 2nd base 1-1: Ball 2-1: Ball 3-1: SINGLE (Line Drive, 89S) Adrian Prouse to third Runner from 3rd tries for Home, SAFE, no throw
|
Batting: RHB Anthony Rucker
|
0-0: Ball 1-0: Called Strike 1-1: Called Strike 1-2: Ball 2-2: Fielders Choice at 2nd, 5-4 (Groundball, 56)
|
Batting: RHB José Flores
|
0-0: Ball 1-0: Ball 2-0: Ball 3-0: Base on Balls Anthony Rucker to second
|
Batting: RHB Carlos Alfaro
|
0-0: Foul Ball, location: 2F 0-1: Ball 1-1: Foul Ball, location: 2F 1-2: Foul Ball, location: 2F 1-2: Ball 2-2: Ball 3-2: Ground out 6-3 (Groundball, 6)
|
Bottom of the 4th over - 1 run(s), 2 hit(s), 0 error(s), 2 left on base; Austin 3 - St. Louis 3 |
TOP OF THE 5TH |
Austin River Sharks batting - Pitching for St. Louis Browns : RHP Claudio Martínez
|
Pitching: RHP Ramón Silva
|
|
Batting: RHB Clark Hodge
|
0-0: Ball 1-0: Fly out, F4 (Popup, 34)
|
Batting: SHB Juan Castro
|
0-0: Foul Ball, location: 2F 0-1: Ground out U3 (Groundball, 3)
|
Batting: LHB Pedro Zaragoza
|
0-0: Ball 1-0: Foul Ball, location: 2F 1-1: SINGLE (Line Drive, 7LS)
|
Batting: RHB Kenneth Roberts
|
0-0: Called Strike 0-1: Foul Ball, location: 2F 0-2: Ball 1-2: Ball 2-2: Fielders Choice at 2nd, 6-4 (Groundball, 6)
|
Top of the 5th over - 0 run(s), 1 hit(s), 0 error(s), 0 left on base; Austin 3 - St. Louis 3 |
BOTTOM OF THE 5TH |
St. Louis Browns batting - Pitching for Austin River Sharks : LHP Dave Watkins
|
Pitching: RHP Mitsunari Jouda
|
|
Batting: LHB Mike Hill
|
0-0: Called Strike 0-1: Ball 1-1: Ball 2-1: Swinging Strike 2-2: Fly out, F9 (Flyball, 9D)
|
Batting: RHB Mario Rosales
|
0-0: Foul Ball, location: 2F 0-1: Fly out, F9 (Flyball, 9LS)
|
Batting: RHB R.J. Parker
|
0-0: SINGLE (Flyball, 9LS)
|
Batting: LHB Pepe Vázquez
|
0-0: Ball 1-0: Called Strike 1-1: Called Strike 1-2: Ground out 1-3 (Groundball, 13)
|
Bottom of the 5th over - 0 run(s), 1 hit(s), 0 error(s), 1 left on base; Austin 3 - St. Louis 3 |
TOP OF THE 6TH |
Austin River Sharks batting - Pitching for St. Louis Browns : RHP Ramón Silva
|
Batting: LHB Terry Maloney
|
0-0: Ball 1-0: Called Strike 1-1: Ball 2-1: Ball 3-1: SINGLE (Groundball, 25) (infield hit)
|
Batting: RHB Carlos Guzmán
|
0-0: Ball 1-0: Ball 2-0: Fly out, F9 (Line Drive, 9LM)
|
Batting: RHB Orlando Bruno
|
0-0: Called Strike 0-1: Ball 1-1: Called Strike 1-2: Foul Ball, location: 2F 1-2: Strikes out looking
|
Batting: LHB Harry Pitts
|
0-0: Called Strike 0-1: Foul Ball, location: 2F 0-2: Ball 1-2: Ball 2-2: Ball 3-2: Strikes out swinging
|
Top of the 6th over - 0 run(s), 1 hit(s), 0 error(s), 1 left on base; Austin 3 - St. Louis 3 |
BOTTOM OF THE 6TH |
St. Louis Browns batting - Pitching for Austin River Sharks : RHP Mitsunari Jouda
|
Batting: RHB Adrian Prouse
|
0-0: Ball 1-0: Called Strike 1-1: Called Strike 1-2: Foul Ball, location: 2F 1-2: Ball 2-2: Foul Ball, location: 2F 2-2: Ball 3-2: Ground out 5-3 (Groundball, 56)
|
Batting: SHB Ryobe Yamamoto
|
0-0: Called Strike 0-1: Foul Ball, location: 2F 0-2: Ground out 6-3 (Groundball, 6)
|
Batting: RHB Anthony Rucker
|
0-0: Ball 1-0: Called Strike 1-1: Foul Ball, location: 2F 1-2: Ball 2-2: Ball 3-2: Fly out, F9 (Flyball, 9LS)
|
Bottom of the 6th over - 0 run(s), 0 hit(s), 0 error(s), 0 left on base; Austin 3 - St. Louis 3 |
TOP OF THE 7TH |
Austin River Sharks batting - Pitching for St. Louis Browns : RHP Ramón Silva
|
Pitching: LHP Miguel Martínez
|
|
Pinch Hitting: RHB Dan Wyatt
|
0-0: Swinging Strike 0-1: Ball 1-1: Foul Ball, location: 2F 1-2: Ball 2-2: Ball 3-2: Foul Ball, location: 2F 3-2: Foul Ball, location: 2F 3-2: Fly out, F4 (Popup, 4)
|
Pitching: LHP Luis Noriega
|
|
Pinch Hitting: SHB Juan Acevado
|
0-0: Ball 1-0: Foul Ball, location: 2F 1-1: Called Strike 1-2: Ball 2-2: Ball 3-2: Foul Ball, location: 2F 3-2: Strikes out looking
|
Pinch Hitting: RHB Eric Neal
|
0-0: Ball 1-0: Ball 2-0: Ball 3-0: Called Strike 3-1: Foul Ball, location: 2F 3-2: Ground out 5-3 (Groundball, 56)
|
Top of the 7th over - 0 run(s), 0 hit(s), 0 error(s), 0 left on base; Austin 3 - St. Louis 3 |
BOTTOM OF THE 7TH |
St. Louis Browns batting - Pitching for Austin River Sharks : RHP Mitsunari Jouda
|
Now at 2B: Eric Neal
|
|
Now at 3B: Juan Acevado
|
|
Now in LF: Dan Wyatt
|
|
Pinch Hitting: LHB Junior Coates
|
0-0: Ball 1-0: Ball 2-0: Ball 3-0: Base on Balls
|
Pinch Hitting: LHB Stan Hickman
|
0-0: Ball 1-0: Ball 2-0: Bunted foul 2-1: Bunted foul 2-2: Ball 3-2: SINGLE (Line Drive, 8LS) Junior Coates to second
|
Batting: LHB Tommy Evans
|
0-0: Ball 1-0: Foul Ball, location: 2F 1-1: Sac Bunt - play at first, batter OUT! 2-4 Junior Coates to third Stan Hickman to second
|
Batting: RHB Mario Rosales
|
0-0: SINGLE (Groundball, 56D) Junior Coates scores Stan Hickman to third Runner from 3rd tries for Home, SAFE, no throw
|
Pitching: LHP Manuel Gil
|
|
Batting: RHB R.J. Parker
|
0-0: Called Strike Mario Rosales steals 2nd base 0-1: Ball 1-1: Intentional Walk
|
Batting: LHB Pepe Vázquez
|
0-0: Ball 1-0: Foul Ball, location: 2F 1-1: Called Strike 1-2: Fielders Choice at 2nd, 4-6 (Groundball, 4) Mario Rosales to third
|
Pinch Hitting: RHB Domingo Romero
|
0-0: Ball 1-0: Ball 2-0: Called Strike 2-1: Fielders Choice at 2nd, 6-4 (Groundball, 6)
|
Bottom of the 7th over - 2 run(s), 2 hit(s), 0 error(s), 1 left on base; Austin 3 - St. Louis 5 |
TOP OF THE 8TH |
Austin River Sharks batting - Pitching for St. Louis Browns : LHP Luis Noriega
|
Now at 2B: Domingo Romero
|
|
Now at SS: Octávio Marín
|
|
Now in LF: Stan Hickman
|
|
Batting: RHB Cristián Peńa
|
0-0: Ball 1-0: Called Strike 1-1: Foul Ball, location: 2F 1-2: Ball 2-2: Strikes out swinging
|
Batting: RHB Kenneth Roberts
|
0-0: Ball 1-0: Called Strike 1-1: Foul Ball, location: 2F 1-2: Strikes out swinging
|
Pinch Hitting: LHB Miguel Pérez
|
0-0: Foul Ball, location: 2F 0-1: Fly out, F8 (Flyball, 8RD)
|
Top of the 8th over - 0 run(s), 0 hit(s), 0 error(s), 0 left on base; Austin 3 - St. Louis 5 |
BOTTOM OF THE 8TH |
St. Louis Browns batting - Pitching for Austin River Sharks : LHP Manuel Gil
|
Now in CF: Miguel Pérez
|
|
Batting: SHB Ryobe Yamamoto
|
0-0: Ground out 6-3 (Groundball, 56)
|
Batting: RHB Anthony Rucker
|
0-0: Called Strike 0-1: Hit by Pitch
|
Batting: RHB Octávio Marín
|
0-0: Foul Ball, location: 2F 0-1: Foul Ball, location: 2F 0-2: Ball Anthony Rucker is caught stealing 2nd base 1-2: Ball 2-2: Ball 3-2: SOLO HOME RUN (Flyball, 78XD), Distance : 434 ft
|
Batting: LHB Stan Hickman
|
0-0: Ball 1-0: Called Strike 1-1: Swinging Strike 1-2: Ground out 3-1 (Groundball, 34)
|
Bottom of the 8th over - 1 run(s), 1 hit(s), 0 error(s), 0 left on base; Austin 3 - St. Louis 6 |
TOP OF THE 9TH |
Austin River Sharks batting - Pitching for St. Louis Browns : LHP Luis Noriega
|
Pitching: LHP Brent Miller
|
|
Batting: RHB Carlos Guzmán
|
0-0: Fly out, F8 (Line Drive, 8RD)
|
Pinch Hitting: RHB Ryan Cates
|
0-0: Foul Ball, location: 2F 0-1: Ball 1-1: Ball 2-1: Swinging Strike 2-2: Ball 3-2: SINGLE (Line Drive, 5D)
|
Pinch Hitting: LHB Freddy Herrera
|
0-0: SINGLE (Line Drive, 4MD) Ryan Cates to second
|
Batting: RHB Dan Wyatt
|
0-0: Called Strike 0-1: Ball 1-1: Foul Ball, location: 2F 1-2: Foul Ball, location: 2F 1-2: Fly out, F9 (Flyball, 9LS)
|
Batting: SHB Juan Acevado
|
0-0: Called Strike 0-1: Fielders Choice at 2nd, 4-6 (Groundball, 4)
|
Top of the 9th over - 0 run(s), 2 hit(s), 0 error(s), 1 left on base; Austin 3 - St. Louis 6 |
|